 Dungeon Crawl Stone Soup version 0.30.1-11-g7821555f0a (webtiles) character file.

Game seed: 2641890134280319339

536 Ijustatesigmund the Conjurer (level 7, -3/45 HPs)
             Began as an Octopode Conjurer on Jan 11, 2024.
             Slain by an orc warrior
             ... wielding a +0 hand axe
              (11 damage)
             ... on level 5 of the Dungeon.
             The game lasted 00:07:16 (3862 turns).

Ijustatesigmund the Conjurer (Octopode Conjurer)    Turns: 3862, Time: 00:07:16

Health: -3/45      AC:  1    Str:  6    XL:     7   Next: 25%
Magic:  9/22       EV: 18    Int: 23    God:
Gold:   154        SH:  0    Dex: 10    Spells: 7/14 levels left

rFire   . . .        h - +5 dagger
rCold   . . .        (no shield)
rNeg    . . .        (helmet restricted)
rPois   .            (no amulet)
rElec   .            c - +5 ring of evasion
rCorr   .            j - ring of magical power
SInv    .            (no ring)
Will    .....        (no ring)
Stlth   +++          (no ring)
HPRegen 0.27/turn    (no ring)
MPRegen 0.18/turn    (no ring)
                     (no ring)

%: no passive effects
@: mighty
A: almost no armour, amphibious, 8 rings, camouflage 1, gelatinous body 1,
(nimble swimmer 1), tentacles
a: no special abilities


You were on level 5 of the Dungeon.
You visited 1 branch of the dungeon, and saw 5 of its levels.

You collected 196 gold pieces.
You spent 42 gold pieces at shops.

Inventory:

Hand Weapons
 g - a +0 hand axe
 h - a +5 dagger (weapon)
Jewellery
 c - a +5 ring of evasion (left tentacle)
 j - a ring of magical power (right tentacle)
Wands
 p - a wand of paralysis (10)
 u - a wand of quicksilver (6)
Scrolls
 f - a scroll of amnesia
 o - a scroll of enchant weapon {unknown}
 q - a scroll of magic mapping {unknown}
 r - a scroll of fog {unknown}
 t - a scroll of fear {unknown}
 v - a scroll of immolation {unknown}
 w - a scroll of teleportation {unknown}
Potions
 a - a potion of magic
 b - 2 potions of curing
 d - a potion of lignification
 i - a potion of heal wounds
 k - a potion of mutation {unknown}
 l - a potion of invisibility {unknown}
 m - a potion of berserk rage {unknown}
 n - a potion of attraction {unknown}
 s - a potion of degeneration {unknown}
 x - a potion of flight {unknown}


   Skills:
 + Level 2.6 Fighting
 - Level 2.0 Dodging
 - Level 2.6 Stealth
 + Level 4.0 Spellcasting
 + Level 5.6 Conjurations
 + Level 3.5 Translocations
 + Level 1.0 Evocations


You had 7 spell levels left.
You knew the following spells:

 Your Spells              Type           Power      Damage    Failure   Level
a - Magic Dart            Conj           100%       1d8       1%          1
b - Searing Ray           Conj           60%        2d6       1%          2
c - Iskenderun's Mystic   Conj/Tloc      25%        2d7       16%         4

Your spell library contained the following spells:

 Spells                   Type           Power      Damage    Failure   Level
 Dazzling Flash           Conj/Hex       34%        N/A       10%         3
 Fulminant Prism          Conj/Hex       8%         3d6       32%         4


Dungeon Overview and Level Annotations

Branches:
Dungeon (5/15)
 Temple: D:4-7

Altars:
Kikubaaqudgha
Okawaru
Qazlal

Shops:
D:2 !   D:4 [


Innate Abilities, Weirdness & Mutations

You cannot wear most types of armour.
You are amphibious.
You can wear up to eight rings at the same time.
Your skin changes colour to match your surroundings (Stealth+).
Your rubbery body absorbs attacks. (AC +1, EV +1)
((You are camouflaged when in or above water. (Stealth+)))
You have tentacles for arms and can constrict up to eight enemies at once.


Message History

The orc is almost dead.
You finish channelling your searing ray.
The orc warrior hits you with a +0 hand axe!
Casting: Searing Ray (safe; 1% risk of failure)
Confirm with . or Enter, or press ? or * to list all spells.
Aiming: Searing Ray (safe; 1% risk of failure)
Press: ? - help, Shift-Dir - straight line, f - orc warrior
Aim: an orc warrior, wielding a +0 hand axe and wearing a +0 plate armour (heavily wounded, 79% to hit)
The searing ray hits the orc warrior but does no damage.
The orc warrior is heavily wounded. (Press . to maintain the ray.)
The orc warrior closely misses you.
The searing ray misses the orc warrior.
The searing ray hits the orc!
You kill the orc!
The orc warrior barely misses you.
The searing ray hits the orc warrior but does no damage.
The orc warrior is heavily wounded.
The orc warrior hits you with a +0 hand axe!
The searing ray misses the orc warrior.
You finish channelling your searing ray.
The orc warrior closely misses you.
You feel much better.
The orc warrior hits you with a +0 hand axe!
You feel very mighty all of a sudden.
The orc warrior hits you with a +0 hand axe!
You barely miss the orc warrior. Your grab misses the orc warrior.
The orc warrior is moderately wounded.
The orc warrior hits you with a +0 hand axe!
* * * LOW HITPOINT WARNING * * *
Casting: Searing Ray (safe; 1% risk of failure)
Confirm with . or Enter, or press ? or * to list all spells.
Okay, then.
Casting: Searing Ray (safe; 1% risk of failure)
Confirm with . or Enter, or press ? or * to list all spells.
The spell is quite dangerous to miscast (16% risk of failure)!
Continue anyway?
You erupt in a blast of force!
The mystic blast hits the orc warrior but does no damage.
The orc warrior is moderately wounded.
The orc warrior hits you with a +0 hand axe!
You die...

#.#
................##
#.# #
#######.#.......
#.# #.#.##.###
#.#### #.#.##[###
#.##.. #.#.##....
#.##.# #.#.#####.
#.##.#########
#.#.# #.
##.##.........#
#.#.# #.
##...#..######@#
#.# ##. #.......#
#o# #.####..
#....#.## #)#
........ #.#.##.#
... #####..
###.#.##.# .#. ##.
#.....##.# #. .#
#. #.#.##..... ##
## #. ..#.# .#.#.
#? #.......... #.


You could see an orc warrior.

Vanquished Creatures
  Eustachio (D:4)
  A phantom (D:4)
  A jelly (D:4)
  A sleepcap (D:5)
  An orc priest (D:5)
  Ijyb (D:4)
  2 iguanas
  An orc wizard (D:5)
  Robin (D:2)
  2 adders
  A worm (D:2)
  4 dart slugs
  8 orcs
  5 endoplasms
  3 giant cockroaches
  13 goblins
  3 hobgoblins
  3 jackals (D:1)
  4 quokkas
  5 ball pythons
  6 bats
  10 frilled lizards
  12 kobolds
  6 rats
95 creatures vanquished.

Notes
Turn   | Place    | Note
-------+----------+-------------------------------------------
     0 | D:1      | Ijustatesigmund the Octopode Conjurer began the quest for
                  | the Orb.
     0 | D:1      | Reached XP level 1. HP: 11/11 MP: 3/3
   110 | D:1      | Reached XP level 2. HP: 18/18 MP: 0/5
   126 | D:1      | Learned a level 2 spell: Searing Ray
   170 | D:1      | Found a faded altar of an unknown god.
   254 | D:1      | Reached skill level 1 in Fighting
   509 | D:1      | Reached XP level 3. HP: 23/23 MP: 2/6
  1006 | D:2      | Noticed Robin
  1021 | D:2      | Killed Robin
  1329 | D:2      | Found Kuss's Distillery.
  1335 | D:2      | Bought a potion of curing for 42 gold pieces
  1429 | D:2      | Reached XP level 4. HP: 18/29 MP: 1/8
  1862 | D:2      | Found an ancient bone altar of Kikubaaqudgha.
  2549 | D:4      | Reached XP level 5. HP: 35/35 MP: 9/9
  2554 | D:4      | Learned a level 4 spell: Iskenderun's Mystic Blast
  2622 | D:4      | Noticed a phantom
  2630 | D:4      | Killed a phantom
  2631 | D:4      | Reached skill level 5 in Conjurations
  2742 | D:4      | Reached XP level 6. HP: 40/40 MP: 11/11
  2825 | D:4      | Found Inugab's Armour Emporium.
  2848 | D:4      | Found an iron altar of Okawaru.
  2849 | D:4      | Noticed Ijyb
  2861 | D:4      | Killed Ijyb
  3109 | D:4      | Noticed Eustachio
  3144 | D:4      | Killed Eustachio
  3437 | D:4      | Found a stormy altar of Qazlal.
  3496 | D:5      | Entered Level 5 of the Dungeon
  3536 | D:5      | Reached XP level 7. HP: 45/45 MP: 12/12
  3853 | D:5      | Reached skill level 1 in Evocations
  3862 | D:5      | Slain by an orc warrior

Illustrated notes

Levels and vault maps discovered:
D:1:      reono_arrival_forest_river, layout_rooms, basic_ecumenical_altar
D:2:      layout_loops_ring, basic_altar, serial_shops, shop, uniq_robin
D:3:      minmay_evil_eye, layout_rooms, hangedman_decor_clover_reticule
D:4:      layout_rooms, okawaru_gym_becter, lemuel_round_altar, serial_shops,
          kennysheep_mini_moat, uniq_eustachio, uniq_ijyb
D:5:      layout_loops_ring, mainiacjoe_overflow_alcove_2

Skill      XL: |  1  2  3  4  5  6  7 |
---------------+----------------------+-----
Fighting       | 1 2 |  2.6
Spellcasting   | 3 4 |  4.0
Conjurations   | 5 |  5.6
Translocations | 2 3 |  3.5
Evocations     | 1 |  1.0
Dodging        | |  2.0
Stealth        | |  2.6

Action                     |  1- 3 |  4- 6 |  7- 9 || total
---------------------------+-------+-------+-------++-------
  Melee: Unarmed           |    19 |       |       ||    19
         Tentacles         |     8 |     3 |     4 ||    15
         Constrict         |     6 |     4 |     2 ||    12
         Dagger            |    15 |    18 |     7 ||    40
   Cast: Magic Dart        |    60 |    64 |    19 ||   143
         Searing Ray       |       |     9 |     2 ||    11
         Iskenderun's Myst |       |       |     1 ||     1
    Use: Scroll            |     1 |     4 |       ||     5
         Potion            |       |       |     2 ||     2
   Stab: Sleeping          |       |     5 |       ||     5
 Armour: Skin              |     1 |       |       ||     1
  Dodge: Dodged            |    19 |    27 |    11 ||    57
